 Dungeon Crawl Stone Soup version 0.30.0-17-ge0270778cf (webtiles) character file.

Game seed: 10594835869695787496

682 sampeng1 the Chiller (level 7, -2/46 HPs)
             Began as a Human Ice Elementalist on May 23, 2023.
             Was an Initiate of Qazlal.
             Slain by a sky beast (6 damage)
             ... on level 7 of the Dungeon.
             The game lasted 00:23:06 (3363 turns).

sampeng1 the Chiller (Human Ice Elementalist)       Turns: 3363, Time: 00:23:06

Health: -2/46      AC:  5    Str:  8    XL:     7   Next: 93%
Magic:  19/22      EV: 13    Int: 18    God:    Qazlal [......]
Gold:   221        SH:  0    Dex: 13    Spells: 6/14 levels left

rFire   . . .        g - +3 whip (protect)
rCold   . . .        (no shield)
rNeg    . . .        a - +1 robe
rPois   .            (no helmet)
rElec   .            (no cloak)
rCorr   .            c - +0 pair of gloves
SInv    .            u - +0 pair of boots
Will    .....        (no amulet)
Stlth   +++          w - ring of wizardry
HPRegen 0.27/turn    o - ring of magical power
MPRegen 0.18/turn

%: wizardry (x1)
@: no status effects
A: no striking features
a: Renounce Religion


You were on level 7 of the Dungeon.
You worshipped Qazlal.
Qazlal was noncommittal.
You visited 1 branch of the dungeon, and saw 5 of its levels.

You collected 221 gold pieces.

Inventory:

Hand Weapons
 d - a +0 dagger
 g - a +3 whip of protection (weapon)
 s - a +0 sling
Missiles
 e - 40 stones (quivered)
Armour
 a - a +1 robe (worn)
 c - a +0 pair of gloves (worn)
 r - a +0 kite shield
 u - a +0 pair of boots (worn)
Magical Staves
 n - a staff of fire
Jewellery
 h - a +6 ring of strength
 o - a ring of magical power (right hand)
 w - a ring of wizardry (left hand)
Wands
 j - a wand of paralysis (11)
Scrolls
 b - a scroll of magic mapping
 f - 2 scrolls of torment
 i - a scroll of teleportation
Potions
 k - 2 potions of ambrosia
 m - a potion of brilliance


   Skills:
 + Level 4.4 Dodging
 + Level 4.7 Stealth
 + Level 4.1 Spellcasting
 + Level 5.6 Ice Magic


You had 6 spell levels left.
You knew the following spells:

 Your Spells              Type           Power      Damage    Failure   Level
a - Freeze                Ice            96%        1d10      1%          1
b - Frozen Ramparts       Ice            48%        1d8       1%          3
c - Ensorcelled Hibernat  Hex/Ice        26%        N/A       2%          2
d - Passwall              Tmut/Erth      2%         N/A       9%          2

Your spell library contained the following spells:

 Spells                   Type           Power      Damage    Failure   Level
 Ozocubu's Armour         Ice            24%        N/A       1%          3
 Cigotuvi's Dreadful Rot  Necr/Pois/Air  6%         N/A       9%          2
 Static Discharge         Conj/Air       6%         2-3/arc   9%          2
 Swiftness                Air            3%         N/A       17%         3
 Summon Ice Beast         Ice/Summ       13%        N/A       17%         4
 Airstrike                Air            1%         2d(1-17)  47%         4
 Dispel Undead            Necr           3%         3d7       47%         4
 Summon Lightning Spire   Summ/Air       3%         N/A       47%         4
 Death Channel            Necr           1%         N/A       100%        6
 Storm Form               Tmut/Air       1%         N/A       100%        7
 Maxwell's Capacitive Co  Air            1%         ∞         100%        8


Dungeon Overview and Level Annotations

Branches:
Dungeon (4/15)
 Temple: D:4-7

Altars:
Qazlal


Message History

You flicker back into view.
You see here a book of Storms.
You pick up a book of Storms and begin reading...
You add the spells Static Discharge and Airstrike to your library.
Something hits you but does no damage. Something hits you but does no damage.
Something hits you. Something shocks you.
* * * LOW HITPOINT WARNING * * *
Something barely misses you.
A sky beast appears from thin air!
Reactivating autopickup.
The sky beast barely misses you.
The sky beast hits you but does no damage.
You closely miss the sky beast.
The sky beast is lightly wounded.
The sky beast hits you.
* * * LOW HITPOINT WARNING * * *
The sky beast shocks you.
* * * LOW HITPOINT WARNING * * *
Casting: Freeze (safe; 1% risk of failure)
Confirm with . or Enter, or press ? or * to list all spells.
Aiming: Freeze (safe; 1% risk of failure)
Press: ? - help, Shift-Dir - straight line, f - sky beast
Aim: a sky beast (lightly wounded)
You freeze the sky beast.
The sky beast is moderately wounded.
The sky beast closely misses you.
Casting: Freeze (safe; 1% risk of failure)
Confirm with . or Enter, or press ? or * to list all spells.
Aiming: Freeze (safe; 1% risk of failure)
Press: ? - help, Shift-Dir - straight line, f/p - sky beast
Aim: a sky beast (moderately wounded)
You freeze the sky beast!
The sky beast is severely wounded.
The sky beast flickers out of sight!
Deactivating autopickup; reactivate with Ctrl-A.
Something hits you.
* * * LOW HITPOINT WARNING * * *
Something shocks you.
You die...

### ...########
#......<.# #........#
#........#
#####........#
.............### ..
##..@.......# #.#
#...{#.#...# #...
##..#...#..# #..
#.#.....#.# #...
##...._....#
###...#####..#.....#.#
..........#...#...#..#
........#.#....#.#...#
......##..#..........#


There were no monsters in sight!

Vanquished Creatures
  A black bear (D:4)
  A sky beast (D:7)
  An ogre (D:7)
  A scorpion (D:2)
  An orc priest (D:3)
  A sleepcap (D:7)
  An orc wizard (D:3)
  5 adders
  An ufetubus (D:4)
  2 dart slugs
  6 orcs (D:3)
  12 ball pythons
  7 bats
  6 endoplasms
  2 giant cockroaches
  6 goblins
  4 hobgoblins (D:1)
  3 jackals (D:2)
  5 quokkas
  3 frilled lizards (D:3)
  5 kobolds
  11 rats
85 creatures vanquished.

Vanquished Creatures (collateral kills)
  3 wights (D:7)
3 creatures vanquished.

Grand Total: 88 creatures vanquished

Notes
Turn   | Place    | Note
-------+----------+-------------------------------------------
     0 | D:1      | sampeng1 the Human Ice Elementalist began the quest for the
                  | Orb.
     0 | D:1      | Reached XP level 1. HP: 13/13 MP: 3/3
    79 | D:1      | Reached XP level 2. HP: 19/19 MP: 1/5
   488 | D:1      | Reached XP level 3. HP: 22/24 MP: 2/6
  1085 | D:2      | Learned a level 3 spell: Frozen Ramparts
  1201 | D:2      | Noticed a scorpion
  1214 | D:2      | Killed a scorpion
  1215 | D:2      | Reached XP level 4. HP: 30/30 MP: 3/8
  1286 | D:2      | Reached XP level 5. HP: 32/35 MP: 9/9
  2151 | D:3      | Learned a level 2 spell: Ensorcelled Hibernation
  2154 | D:3      | Learned a level 2 spell: Passwall
  2314 | D:3      | Reached XP level 6. HP: 41/41 MP: 2/10
  3088 | D:4      | Noticed a black bear
  3100 | D:4      | Killed a black bear
  3101 | D:4      | Reached skill level 5 in Ice Magic
  3256 | D:4      | You fall into a shaft and drop 3 floors!
  3263 | D:7      | Found a stormy altar of Qazlal.
  3263 | D:7      | Noticed a sky beast
  3263 | D:7      | Noticed an ogre
  3276 | D:7      | Killed an ogre
  3277 | D:7      | Reached XP level 7. HP: 16/46 MP: 12/12
  3312 | D:7      | Became a worshipper of Qazlal Stormbringer
  3363 | D:7      | Slain by a sky beast

Illustrated notes

Levels and vault maps discovered:
D:1:      dpeg_arrival_pits, layout_basic, hangedman_abyss_or_decor_lesser_grid
D:2:      layout_loops_ring, minmay_tree_intersection, minmay_divided_ellipse
D:3:      layout_loops_cross, chequers_serial_rivers_micro_c,
          serial_park_tiny_2, minmay_vboxes
D:4:      layout_basic, st_stairs_9, patterned_corridor
D:7:      layout_rooms, nicolae_qazlal_beasts_of_the_sky,
          mainiacjoe_overflow_catwalk, grunt_temple_overflow_diamond,
          minmay_misc_feat_secret_circle, roderic_batcave, nicolae_water_bricks

Skill      XL: |  1  2  3  4  5  6  7 |
---------------+----------------------+-----
Stealth        | 3 4 |  4.7
Dodging        | 3 4 |  4.4
Spellcasting   | 3 4 |  4.1
Ice Magic      | 5 |  5.6

Action                     |  1- 3 |  4- 6 |  7- 9 || total
---------------------------+-------+-------+-------++-------
  Melee: Dagger            |     4 |       |       ||     4
         Whip              |    25 |    72 |     9 ||   106
         Punch             |       |     1 |       ||     1
  Throw: Stone             |     3 |    14 |       ||    17
   Cast: Freeze            |    20 |    23 |     7 ||    50
         Frozen Ramparts   |     2 |    11 |     1 ||    14
         Ensorcelled Hiber |       |     5 |       ||     5
    Use: Scroll            |     7 |     8 |       ||    15
         Potion            |     2 |     1 |     2 ||     5
   Stab: Sleeping          |     4 |     5 |       ||     9
 Armour: Robe              |    11 |    40 |     6 ||    57
  Dodge: Dodged            |    23 |    84 |    11 ||   118
